AoeStats
← TIMVP

Black Forest

508360999Analyzed
2v2 RM · 11d ago on Sep 22, 2026· 41m 13s· 4 players
Game mode
Random Map
Map size
Medium (4 player)
Population
200
Speed
Normal
Resources
Standard
Victory
Conquest
Starting age
Dark Age
Ending age
Imperial Age
RankedLock teamsTeams togetherTeam positionsShared explorationLock speedFull tech treeHidden civsTurbo modeCheats
Victory
Defeat
🇵🇪 Romans · Peru
707
+16
🇵🇪 Chinese · Peru
694
+16
🇺🇸 Koreans · United States
725
-17
🇨🇳 Chinese · China
670
-15
radii
0:26 Loom
13:38 Feudal Age
15:21 Wheelbarrow
14:37 Double-Bit Axe
14:38 Horse Collar
25:25 Castle Age
26:27 Hand Cart
26:29 Bow Saw
26:48 Gold Mining
27:50 Heavy Plow
32:03 Gold Shaft Mining
33:58 Town Watch
37:18 Imperial Age
35:03 Treadmill Crane
35:47 Fletching
36:12 Fortified Wall
风雨中的子弹
1:07 Loom
14:23 Feudal Age
14:48 Horse Collar
14:59 Double-Bit Axe
15:10 Town Watch
16:57 Town Watch
18:09 Wheelbarrow
18:14 Man-at-Arms
29:22 Castle Age
31:57 Town Patrol
34:49 Scale Mail Armor
34:59 Forging
34:50 Padded Archer Armor
34:47 Stone Mining
34:48 Gold Mining
34:55 Fletching
36:28 Hand Cart
39:17 Iron Casting
38:37 Bodkin Arrow
38:57 Leather Archer Armor
40:06 Long Swordsman
TIMVP
0:31 Loom
13:03 Feudal Age
13:35 Double-Bit Axe
14:28 Wheelbarrow
16:17 Stone Mining
22:38 Castle Age
20:36 Horse Collar
22:26 Man-at-Arms
24:54 Bow Saw
27:27 Long Swordsman
28:26 Ballistas
29:08 Gold Mining
33:30 Imperial Age
32:32 Gold Shaft Mining
33:15 Hand Cart
35:29 Heavy Plow
36:07 Heavy Scorpion
37:36 Capped Ram
38:11 Legionary
38:53 Scale Mail Armor
39:04 Forging
40:06 Chemistry
41:40 Comitatenses
A†ilA
0:52 Loom
12:49 Feudal Age
13:07 Feudal Age
16:33 Wheelbarrow
22:11 Castle Age
20:16 Double-Bit Axe
20:15 Horse Collar
20:41 Fletching
21:36 Padded Archer Armor
27:01 Thumb Ring
27:55 Hand Cart
28:39 Bow Saw
34:11 Imperial Age
40:20 Elite Chu Ko Nu
Connection lost

Rejoining the realm…

Still unreachable

The connection could not be restored.

Session expired

The server has moved on; the page needs a fresh start.